Map: Puerto Aleksander EE

Players

OcpMetal - Winner!

  • Race: Terran Terran
  • League: Silver
  • Spawn Location: 5:00

Ladvrain

  • Race: Terran Terran
  • League: Bronze
  • Spawn Location: 11:00

VOD

Have the link to the VOD?

Description

Time

  • Played on: March 25, 2019, 10:03 p.m.
  • Length: 19:19
Show
View Real Time Build Order
Export as new Build Order

OcpMetal Terran - Winner!

Build Orders:  

Get SALT Encoding   

  12  0:01  SCV  
  13  0:13  SCV  
  14  0:23  Supply Depot  
  14  0:25  SCV  
  15  0:31  Refinery  
  15  0:45  SCV  
  15  0:47  Barracks  
  16  0:57  SCV  
  17  1:09  SCV  
  18  1:21  SCV  
  19  1:34  Marine  
  19  1:38  Orbital Command  
  20  1:49  Command Center  
  20  1:52  Marine  
  21  2:04  Supply Depot  
  21  2:06  SCV  
  22  2:10  Reaper  
  23  2:25  SCV  
  24  2:36  Barracks  
  24  2:38  SCV  
  24  2:42  Marine  
  26  2:50  SCV  
  27  2:59  Marine  
  27  3:00  Orbital Command  
  27  3:02  SCV  
  29  3:14  Bunker, SCV  
  29  3:17  Marine  
  31  3:26  SCV  
  32  3:27  Marine  
  33  3:35  Marine  
  33  3:37  Engineering Bay  
  33  3:38  SCV  
  33  3:39  SCV  
  36  3:44  Supply Depot  
  36  3:45  Marine  
  37  3:50  SCV  
  37  3:53  Marine  
  39  4:03  Marine  
  39  4:06  SCV x2, Supply Depot  
  42  4:11  Marine  
  43  4:18  SCV x2  
  43  4:21  Marine  
  45  4:28  Marine  
  45  4:30  SCV x2  
  48  4:39  Marine  
  48  4:44  Supply Depot  
  49  4:46  Marine  
  49  4:49  Factory  
  49  4:57  Marine  
  50  5:04  Marine  
  50  5:05  SCV x2  
  53  5:11  Command Center  
  53  5:13  Terran Infantry Weapons Level 1  
  53  5:16  Barracks Tech Lab  
  53  5:17  SCV x2  
  55  5:22  Marine  
  56  5:29  SCV x2  
  58  5:40  Marine  
  58  5:41  SCV x2  
  55  5:53  SCV x2  
  57  5:57  Marine  
  57  5:59  Factory Tech Lab  
  57  6:01  Marine  
  59  6:04  Starport  
  59  6:05  SCV x2  
  61  6:15  Marine  
  61  6:16  Combat Shield  
  61  6:17  SCV  
  61  6:18  Marine, SCV  
  64  6:21  Command Center  
  65  6:29  SCV  
  65  6:30  SCV  
  67  6:33  Marine  
  67  6:36  Marine  
  67  6:39  Planetary Fortress, Refinery  
  69  6:42  SCV x2  
  71  6:50  Refinery  
  71  6:51  Marine  
  71  6:54  Marine, Refinery  
  73  7:07  Terran Infantry Armor Level 1  
  73  7:09  Marine  
  73  7:11  SCV  
  73  7:12  Marine, SCV, Refinery  
  77  7:17  Siege Tank  
  80  7:26  Marine  
  81  7:30  Marauder  
  81  7:36  Stimpack, Supply Depot  
  83  7:44  Marine  
  83  7:45  Starport  
  84  7:51  Marine  
  85  8:00  Missile Turret  
  85  8:02  Marine  
  85  8:03  Refinery  
  86  8:08  Siege Tank, Barracks  
  86  8:09  Marine  
  90  8:20  Marine  
  90  8:21  Missile Turret  
  90  8:27  Marine  
  91  8:30  Missile Turret  
  92  8:38  Marine, Viking  
  92  8:40  Siege Tank  
  98  8:44  Marine, Missile Turret  
  99  8:49  Starport  
  99  8:56  Marine  
  99  8:58  Marine  
  99  9:02  Marine  
  101  9:05  Missile Turret  
  101  9:08  Armory, Viking  
  104  9:11  Viking  
  104  9:13  Marine  
  104  9:16  Marine  
  108  9:28  Supply Depot  
  108  9:30  Starport  
  108  9:33  Missile Turret  
  108  9:36  Concussive Shells  
  108  9:49  Marine x2, SCV x2, Viking x2  
  108  9:51  Supply Depot  
  116  9:54  Missile Turret  
  116  10:01  Terran Infantry Weapons Level 2  
  116  10:13  Marine x2, SCV x3, Siege Tank  
  124  10:14  Supply Depot  
  124  10:32  Fusion Core  
  124  10:36  Marine x2, Medivac, SCV x2, Viking  
  124  10:39  Supply Depot  
  132  10:44  SCV, Viking  
  132  10:48  SCV  
  132  10:50  Marine  
  132  10:51  Hellion  
  132  10:54  Marine x2  
  132  10:56  SCV  
  113  11:06  Medivac, Viking  
  113  11:08  Marine  
  118  11:11  Marine x2  
  118  11:12  Hellion  
  118  11:14  Medivac  
  124  11:26  Marine  
  124  11:29  Marine x2  
  127  11:33  Hellion  
  127  11:36  Medivac, Viking  
  133  11:43  Marine  
  133  11:44  Medivac  
  136  11:47  Marine x2  
  136  11:53  Barracks  
  138  11:55  Hellion  
  138  11:56  Terran Vehicle And Ship Armor Level 1  
  140  12:06  Missile Turret  
  140  12:09  Supply Depot  
  140  12:17  Terran Infantry Armor Level 2  
  140  12:23  Planetary Fortress  
  140  12:24  Refinery  
  140  12:29  Missile Turret  
  140  12:30  Marine x3, Medivac x2  
  140  12:32  Supply Depot  
  147  12:48  Marine  
  148  12:53  Marine x2, Medivac  
  148  12:54  Supply Depot  
  148  12:55  Supply Depot  
  152  13:00  Medivac  
  156  13:09  Marine  
  156  13:15  Marine x2  
  156  13:16  Supply Depot  
  156  13:19  Supply Depot  
  156  13:20  Starport Tech Lab  
  156  13:23  Medivac  
  158  13:27  Marine  
  158  13:30  Starport Tech Lab  
  158  13:32  Command Center  
  158  13:33  Marine x2, Weapon Refit  
  161  13:39  Supply Depot  
  161  13:40  SCV x2  
  163  13:41  Supply Depot  
  163  13:45  Marine, Supply Depot  
  164  13:50  Marine x2  
  164  13:51  Terran Ship Weapons Level 1  
  164  13:53  Medivac  
  168  14:01  Refinery  
  168  14:02  Supply Depot  
  168  14:03  Marauder  
  168  14:08  Marine x2  
  168  14:09  Supply Depot  
  168  14:20  Battlecruiser, Viking x2  
  168  14:23  Medivac  
  180  14:24  Missile Turret, Supply Depot  
  173  14:34  Supply Depot  
  168  14:44  Missile Turret  
  164  14:46  Supply Depot  
  164  14:49  Marine x2  
  164  14:50  Battlecruiser  
  164  14:51  Marine  
  157  14:59  Siege Tank  
  151  15:04  Missile Turret  
  151  15:07  Marine x2  
  151  15:09  Marine, Supply Depot  
  154  15:23  Planetary Fortress  
  154  15:24  Marine  
  154  15:25  Battlecruiser, Marine  
  154  15:27  Marine  
  163  15:31  Siege Tank  
  163  15:32  Supply Depot  
  163  15:33  SCV x2, Missile Turret  
  168  15:42  Marine x2  
  167  15:45  Marine, Terran Vehicle Weapons Level 1  
  170  15:54  Battlecruiser, Missile Turret  
  176  16:00  Marine x2, Starport Tech Lab  
  176  16:02  Marine  
  176  16:03  Siege Tank  
  182  16:14  Missile Turret  
  182  16:18  Marine x2  
  183  16:20  Marine  
  185  16:29  Battlecruiser  
  191  16:35  Siege Tank  
  191  16:36  Marine x2, Missile Turret  
  191  16:38  Marine  
  194  16:50  Battlecruiser  
  198  18:22  Marine x2  
Show
View Real Time Build Order
Export as new Build Order

Ladvrain Terran 

Build Orders:  

Get SALT Encoding   

  12  0:25  Supply Depot  
  12  0:35  SCV  
  13  0:47  SCV  
  14  0:54  Barracks  
  14  0:59  SCV  
  15  1:11  SCV  
  16  1:23  SCV  
  17  1:29  Refinery  
  17  1:41  Supply Depot  
  17  1:42  Engineering Bay  
  17  1:44  Supply Depot  
  17  1:51  Marine  
  18  2:09  Marine  
  18  2:13  Bunker, SCV  
  20  2:25  SCV  
  20  2:27  Marine  
  22  2:37  SCV  
  23  2:45  Marine  
  24  2:51  Missile Turret  
  24  3:06  Barracks Tech Lab  
  24  3:23  SCV  
  25  3:27  Missile Turret  
  25  3:33  Marine  
  26  3:40  Refinery  
  26  3:51  Marine, Missile Turret  
  27  4:08  SCV  
  27  4:09  Marine  
  29  4:10  Missile Turret  
  28  4:27  Marine  
  29  4:45  Marine  
  29  5:06  Supply Depot  
  29  5:08  Factory  
  29  5:36  Missile Turret  
  27  5:59  Factory Tech Lab  
  27  6:14  Starport  
  27  6:17  Starport  
  27  6:20  Siege Tank, Starport  
  27  6:23  Starport  
  30  6:35  Missile Turret  
  30  6:53  Siege Tank  
  33  6:56  Starport Tech Lab  
  33  6:57  Starport Tech Lab  
  33  7:01  Starport Tech Lab  
  33  7:17  Starport Tech Lab  
  33  7:31  SCV  
  34  7:43  SCV  
  35  7:46  Medivac  
  37  7:55  Marine  
  38  8:06  Orbital Command  
  38  8:13  Marine  
  39  8:43  Barracks  
  39  8:50  Fusion Core  
  39  9:11  Armory  
  39  9:25  Marine, Widow Mine, Viking x2  
  46  9:40  Barracks Reactor  
  46  9:42  Marine  
  47  9:47  Supply Depot  
  47  9:54  Weapon Refit  
  47  10:08  Marine  
  47  10:09  Widow Mine  
  47  10:10  Supply Depot  
  48  10:28  Cloaking Field  
  48  10:30  Widow Mine  
  48  10:32  Marine  
  48  10:33  Marine  
  52  10:38  Supply Depot  
  52  10:50  Marine x2  
  52  10:51  Widow Mine  
  55  11:20  Supply Depot  
  55  11:29  Marine x2  
  55  11:30  SCV, Widow Mine  
  60  11:42  Battlecruiser, SCV  
  67  11:47  Marine x2  
  69  12:20  Supply Depot  
  69  12:21  Supply Depot  
  69  12:24  Supply Depot  
  69  12:25  Supply Depot  
  61  13:20  Banshee x4  
  71  14:03  Banshee x3  
  52  15:11  Bunker  
  52  15:12  Marine  
  53  15:15  Marine x2  
  130  15:21  Viking x3  
  55  15:22  Viking  
  63  15:30  Marine  
  63  15:33  Marine x2  
  57  15:47  Marine  
  58  15:51  Marine x2, Viking x4  
  58  15:57  Neosteel Armor  
  68  16:05  Marine  
  68  16:07  Bunker  
  69  16:23  Marine  
  48  18:13  Orbital Command  
  43  18:53  Marine  
Tags
 
Add a new tag
Caveats
  • Supply blocks, unpowered buildings, or Contaminate may cause inaccurate times.
  • Supply counts are checked every 10 seconds.